 Dungeon Sprint DCSS version 0.19-a0-1908-g43c011f (webtiles) character file.

25 esc the Magician (level 2, -4/17 HPs)
             Began as a Deep Elf Fire Elementalist on Oct 22, 2016.
             Slain by an ogre
             ... wielding a +0 giant spiked club
              (21 damage)
             ... in the Dungeon (Sprint I: "Red Sonja").
             The game lasted 00:02:05 (108 turns).

esc the Magician (Deep Elf Fire Elementalist)        Turns: 108, Time: 00:02:06

Health: -4/17      AC:  2    Str:  5    XL:     2   Next: 82%
Magic:  7/9        EV: 14    Int: 19    God:
Gold:   0          SH:  0    Dex: 15    Spells: 1 memorised, 8 levels left

rFire  . . .     SeeInvis .     (no weapon)
rCold  . . .     Gourm    .     a - +0 robe
rNeg   . . .     Faith    .     (no shield)
rPois  .         Spirit   .     (no helmet)
rElec  .         Reflect  .     (no cloak)
rCorr  .         Harm     .     (no gloves)
MR     .....     NoTele   +     (no boots)
Stlth  ++........               (no amulet)
                                (no ring)
                                (no ring)

@: no status effects
A: no striking features
a: no special abilities


You were in the Dungeon.
You were not hungry.

You visited 1 branch

Inventory:

Armour
 a - a +0 robe (worn)
Scrolls
 i - a scroll of blinking {!r}
Potions
 d - a potion of curing
 e - a potion of heal wounds
 f - a potion of haste
 g - 2 potions of magic
 h - 2 potions of brilliance {unknown}
Books
 b - a book of Flames
Comestibles
 c - a bread ration {@e1}


   Skills:
 + Level 1.7 Fighting
 + Level 3.9 Dodging
 - Level 2.4 Stealth
 + Level 4.4 Spellcasting
 + Level 2.9 Conjurations
 + Level 4.3 Fire Magic


You had 8 spell levels left.
You knew the following spells:

 Your Spells              Type           Power        Failure   Level  Hunger
a - Flame Tongue          Conj/Fire      ###..        3%          1    None


Dungeon Overview and Level Annotations

Branches:
Dungeon (1/1)

Altars:


Message History

Welcome, esc the Deep Elf Fire Elementalist.
Found a staircase leading out of the dungeon.
You open the door.
Ijyb the Twisted Goblin comes into view.
Ijyb shouts!
Aim: Ijyb You miscast Flame Tongue.
You are very lightly contaminated with residual magic.
Nothing appears to happen.
You now have 5/6 mp.
Aim: Ijyb The flame tongue misses Ijyb.
Ijyb hits you.
You take 1 damage, and have 9/10 hp.
You now have 4/6 mp.
Aim: Ijyb The flame tongue misses Ijyb.
Ijyb closely misses you.
You now have 3/6 mp.
Aim: Ijyb The flame tongue hits Ijyb.
Ijyb closely misses you.
You now have 2/6 mp.
Aim: Ijyb (lightly wounded)
The flame tongue hits Ijyb.
Ijyb screams, "Me very upset!"
Ijyb hits you.
You take 2 damage, and have 7/10 hp.
You now have 1/6 mp.
Aim: Ijyb (moderately wounded)
The flame tongue hits Ijyb.
Ijyb closely misses you.
You now have 0/6 mp.
Really quaff
h - a potion of berserk rage {!q}?
A red film seems to cover your vision as you go berserk!
You feel yourself moving faster!
You feel mighty! Ijyb barely misses you.
You now have 10/15 hp.
You closely miss Ijyb. You barely miss Ijyb.
Ijyb screams, "Me stronger than you!" Ijyb barely misses you.
You punch Ijyb!
You kill Ijyb!
Your Fighting skill increases to level 1!
Your Dodging skill increases to level 3!
Your Spellcasting skill increases to level 4!
Your Conjurations skill increases to level 2!
Your Fire Magic skill increases to level 4!
You have reached level 2!
You regained 7 hp, and now have 17/25 hp.
h - 2 ruby potions
There is an open door, spattered with blood here.
You feel a strong urge to attack something.
You feel your anger subside.
You are no longer berserk.
You are exhausted.
You feel yourself slow down.
You now have 12/17 hp.
You start resting.
Your magical contamination has completely faded away.
Unknown command.
You start resting.
You feel yourself speed up.
You regained 2 hp, and now have 15/17 hp.
You regained 4 mp, and now have 6/9 mp.
You start resting.
You feel less exhausted.
You regained 2 mp, and now have 8/9 mp.
You start resting.
Health restored: 17; MP restored: 9
There is an open door, spattered with blood here.
There is an open door, spattered with blood here.
Okay, then.
You're too inexperienced to learn that spell!
Okay, then.
You open the door.
An ogre comes into view. It is wielding a giant spiked club.
You can't see any susceptible monsters within range! (Use Z to cast anyway.)
Aim: an ogre, wielding a giant spiked club (resting)
The flame tongue hits the ogre.
The ogre shouts!
You now have 8/9 mp.
Aim: an ogre, wielding a giant spiked club (moderately wounded)
The flame tongue hits the ogre.
You now have 7/9 mp.
There is an open door, spattered with blood here.
Aim: an ogre, wielding a giant spiked club (moderately wounded)
The flame tongue misses the ogre.
The ogre hits you with a giant spiked club!!
Ouch! That really hurt!
You die...

##########
#<.#..'..#
#..'..#..+
#..#### +#
#..# #O.#
#@.# #⌠⌠#
####


You could see an ogre.

Vanquished Creatures
  Ijyb (D)
1 creature vanquished.

Notes
Turn   | Place    | Note
-------+----------+-------------------------------------------
     0 | D        | esc the Deep Elf Fire Elementalist began the quest for the Orb.
     0 | D        | Reached XP level 1. HP: 10/10 MP: 6/6
     1 | D        | Noticed Ijyb
    11 | D        | Killed Ijyb
    11 | D        | Reached skill level 1 in Fighting
    11 | D        | Reached skill level 3 in Dodging
    11 | D        | Reached skill level 4 in Spellcasting
    11 | D        | Reached skill level 2 in Conjurations
    11 | D        | Reached skill level 4 in Fire Magic
    11 | D        | Reached XP level 2. HP: 17/17 MP: 0/9
    97 | D        | Noticed an ogre
   108 | D        | Slain by an ogre

Vault maps used:
D:        dungeon_sprint_1

Skill      XL: |  1 |
---------------+----+-----
Fighting       | 1 |  1.7
Dodging        | 3 |  3.9
Spellcasting   | 4 |  4.4
Conjurations   | 2 |  2.9
Fire Magic     | 4 |  4.3
Stealth        | |  2.4

Action                   || total
-------------------------++-------
Melee: Unarmed           ||     3
 Cast: Flame Tongue      ||     8
  Use: Potion            ||     1
Dodge: Dodged            ||     5

Vault maps used:
D:        dungeon_sprint_1

Table legend:
 A = Turns spent in this place as a percentage of turns spent in the entire game.
 B = Non-inter-level travel turns spent in this place as a percentage of non-inter-level travel turns spent in the entire game.
 C = Inter-level travel turns spent in this place as a percentage of turns spent in this place.
 D = Turns resting spent in this place as a percentage of non-inter-level travel turns spent in this place.
 E = Turns spent auto-exploring this place as a percentage of non-inter-level travel turns spent in this place.
 F = Non-inter-level travel turns spent in this place divided by the number of levels of this place that you've seen.
                   A       B       C       D       E      F
               +-------+-------+-------+-------+-------+----------------------
         Total | 100.0 | 100.0 |   0.0 |  13.5 |   0.0 |  52.0
       Dungeon | 100.0 | 100.0 |   0.0 |  13.5 |   0.0 |  52.0
               +-------+-------+-------+-------+-------+----------------------

Table legend:
 A = Kills in this place as a percentage of kills in entire the game.
 B = Kills by you in this place as a percentage of kills by you in the entire game.
 C = Kills by friends in this place as a percentage of kills by friends in the entire game.
 D = Other kills in this place as a percentage of other kills in the entire game.
 E = Experience gained in this place as a percentage of experience gained in the entire game.
 F = Experience gained in this place divided by the number of levels of this place that you have seen.
                   A       B       C       D       E      F
               +-------+-------+-------+-------+-------+----------------------
         Total | 100.0 | 100.0 |  -nan |  -nan | 100.0 |  36.0
       Dungeon | 100.0 | 100.0 |  -nan |  -nan | 100.0 |  36.0
               +-------+-------+-------+-------+-------+----------------------
